 Dungeon Crawl Stone Soup version 0.21.1-1-g345015fe64 (webtiles) character file.

1757 Oravi the Slinger (level 9, -5/60 HPs)
             Began as a Halfling Hunter on Apr 19, 2018.
             Was a Follower of Okawaru.
             Slain by an orc warrior
             ... wielding a +0 glaive
              (19 damage)
             ... on level 7 of the Dungeon.
             The game lasted 00:26:46 (8675 turns).

Oravi the Slinger (Halfling Hunter)                 Turns: 8675, Time: 00:26:47

Health: -5/60      AC:  4    Str: 13    XL:     9   Next: 27%
Magic:  9/9        EV: 16    Int:  9    God:    Okawaru [*.....]
Gold:   277        SH:  0    Dex: 18    Spells: 8/8 levels left

rFire    . . .     SeeInvis .   b - +0 short sword (venom)
rCold    . . .     Gourm    .   (shield restricted)
rNeg     . . .     Faith    .   c - +1 leather armour
rPois    .         Spirit   .   (no helmet)
rElec    .         Reflect  .   (no cloak)
rCorr    +         Harm     .   (no gloves)
MR       .....                  (no boots)
Stlth    ++........             (no amulet)
HPRegen  0.20/turn              p - ring of resist corrosion
MPRegen  0.11/turn              (no ring)

@: no status effects
A: small, mutation resistance 1
a: Heroism, Renounce Religion


You were on level 7 of the Dungeon.
You worshipped Okawaru.
Okawaru was aware of your devotion.
You were not hungry.

You visited 2 branches of the dungeon, and saw 8 of its levels.

You collected 277 gold pieces.

Inventory:

Hand Weapons
 a - a +2 hunting sling
 b - a +0 short sword of venom (weapon)
 k - a +0 vampiric short sword
Missiles
 h - 40 stones (quivered)
Armour
 c - a +1 leather armour (worn)
 i - a cursed +0 scale mail
Jewellery
 p - a ring of resist corrosion (left hand)
Wands
 l - a wand of flame (32)
Scrolls
 d - 2 scrolls of fog
 e - 2 scrolls of remove curse
 j - 4 scrolls of identify
 o - a scroll of enchant armour
Potions
 g - 2 potions of curing
 m - a potion of flight
Comestibles
 f - 5 rations


   Skills:
 + Level 4.8 Fighting
 * Level 6.0 Short Blades
 - Level 12.0 Slings
 + Level 3.6 Armour
 + Level 3.4 Dodging
 - Level 1.1 Stealth


You had 8 spell levels left.
You didn't know any spells.

Dungeon Overview and Level Annotations

Branches:
Dungeon (7/15)             Temple (1/1) D:6

Altars:
Ashenzari
Cheibriados
Dithmenos
Elyvilon
Gozag
Hepliaklqana
Kikubaaqudgha
Makhleb
Okawaru
Qazlal
Ru
Sif Muna
Trog
Uskayaw
Wu Jian
Xom
Yredelemnul
Zin
The Shining One

Annotations:
D:3 quik's ghost, amateur DDFi
D:6 Eustachio


Innate Abilities, Weirdness & Mutations

You are small and have problems with some larger weapons.
You are somewhat resistant to further mutation.


Message History

Press: ? - help, Shift-Dir - straight line, f/p - orc warrior
Aim: an orc warrior, wielding a glaive and wearing a chain mail (severely wounded)
You shoot a stone. The stone hits the orc warrior.
The orc warrior is severely wounded.
The orc warrior hits you from afar with a glaive.
You are too injured to fight recklessly!
You are too injured to fight recklessly!
Your +0 short sword of venom begins to drip with poison!
b - a +0 short sword of venom (weapon)
You are too injured to fight recklessly!
The orc warrior hits you with a glaive!
* * * LOW HITPOINT WARNING * * *
You are too injured to fight recklessly!
You hit the orc warrior but do no damage.
The orc warrior is poisoned.
The orc warrior is severely wounded.
You hit the orc warrior but do no damage.
The orc warrior is almost dead.
The orc warrior hits you with a glaive!!
You die...

.#.# ...(.......
#<# ....o.(...
.#.# ..o(.....
#.#.# ....(.(.#
.#.#.# ####(#
#.#.#.. ..##(#
.#.#.########.##J#
#<#.#....))†#.##o#
.#.#.#.####)#.##@#
#.#.#...#.....##.#
.#.#.#..#.#......#
#.#.#...#.########
.#.#.#..#
#.#.#.#########
.#.#.#........#
#.#.#..#####.##
.#.#.#.#


You could see an orc warrior and a jelly.

Vanquished Creatures
  A sky beast (D:7)
  A phantom (D:6)
  2 ice beasts
  An ogre (D:6)
  A big kobold (D:7)
  2 bullfrogs
  2 scorpions (D:5)
  4 killer bees
  A wight (D:6)
  3 howler monkeys
  A crimson imp (D:5)
  4 orc priests
  A centaur skeleton (D:4)
  An orc wizard (D:7)
  2 iguanas
  5 worker ants
  A hound zombie (D:6)
  A hound skeleton (D:5)
  A worker ant zombie (D:7)
  14 adders
  A howler monkey skeleton (D:4)
  A shadow imp (D:5)
  An ooze (D:2)
  A dart slug (D:1)
  3 leopard geckos
  10 orcs
  5 giant cockroaches
  5 goblins
  12 hobgoblins
  4 jackals
  4 quokkas
  3 ball pythons
  9 bats
  11 frilled lizards
  18 kobolds
  13 rats
  2 plants (D:5)
152 creatures vanquished.

Notes
Turn   | Place    | Note
-------+----------+-------------------------------------------
     0 | D:1      | Oravi the Halfling Hunter began the quest for the Orb.
     0 | D:1      | Reached XP level 1. HP: 14/14 MP: 1/1
   115 | D:1      | Reached skill level 6 in Slings
   179 | D:1      | Reached XP level 2. HP: 19/19 MP: 2/2
   398 | D:1      | Reached XP level 3. HP: 22/24 MP: 3/3
   732 | D:2      | Reached skill level 1 in Short Blades
   732 | D:2      | Reached skill level 7 in Slings
   732 | D:2      | Reached XP level 4. HP: 29/29 MP: 4/4
   758 | D:2      | Found a shattered altar of Ashenzari.
   812 | D:2      | Reached XP level 5. HP: 12/34 MP: 5/5
   823 | D:2      | Reached skill level 1 in Armour
  2268 | D:3      | Reached skill level 8 in Slings
  2274 | D:3      | Reached XP level 6. HP: 40/40 MP: 6/6
  2494 | D:3      | Found a shimmering altar of Xom.
  2495 | D:3      | Noticed quik's ghost (amateur DDFi)
  2728 | D:3      | Found an ornate altar of the Wu Jian Council.
  3692 | D:4      | Found a sacrificial altar of Ru.
  3744 | D:4      | Reached skill level 9 in Slings
  3744 | D:4      | Reached XP level 7. HP: 42/45 MP: 7/7
  4054 | D:5      | Entered Level 5 of the Dungeon
  5068 | D:5      | Reached skill level 10 in Slings
  5086 | D:5      | Found a glowing golden altar of the Shining One.
  5173 | D:5      | Reached XP level 8. HP: 51/52 MP: 8/8
  5830 | D:5      | Found a deep blue altar of Sif Muna.
  6515 | D:6      | Found the +9 sword of Zonguldrok {reap}
  6515 | D:6      | Noticed Eustachio
  6600 | D:6      | Found a white marble altar of Elyvilon.
  6795 | D:6      | Reached skill level 11 in Slings
  6965 | D:6      | Found a staircase to the Ecumenical Temple.
  6974 | Temple   | Entered the Ecumenical Temple
  7036 | Temple   | Became a worshipper of Warmaster Okawaru
  7227 | D:6      | Reached skill level 5 in Short Blades
  7490 | D:6      | Noticed a dagger
  7491 | D:6      | Noticed a dagger
  7492 | D:6      | Found a hide-covered altar of Uskayaw.
  7506 | D:6      | Found a glowing silver altar of Zin.
  8178 | D:7      | Reached XP level 9. HP: 51/58 MP: 9/9
  8186 | D:7      | Reached * piety under Okawaru
  8186 | D:7      | Reached skill level 12 in Slings
  8675 | D:7      | Slain by an orc warrior

Skill      XL: |  1  2  3  4  5  6  7  8  9 |
---------------+----------------------------+-----
Slings         | 6 7 8 9 10 11 12 | 12.0
Fighting       | 2 3 4 |  4.8
Short Blades   | 1 2 3 4 5 6 |  6.0
Armour         | 1 2 3 |  3.6
Dodging        | 3 |  3.4
Stealth        | |  1.1

Action                   |  1- 3 |  4- 6 |  7- 9 || total
-------------------------+-------+-------+-------++-------
Melee: Short sword       |       |     1 |   170 ||   171
 Fire: Hunting sling     |    52 |   252 |   405 ||   709
  Use: Scroll            |       |     9 |     3 ||    12
       Potion            |       |     2 |     1 ||     3
  Eat: Chunk             |       |     8 |     8 ||    16
       Ration            |       |       |     2 ||     2
Armor: Leather armour    |     2 |    11 |    13 ||    26
Dodge: Dodged            |     5 |    71 |    75 ||   151
